 Dungeon Crawl Stone Soup version 0.29.1-1-gd02db6906a (webtiles) character file.

Game seed: 13789215442782592042

194 sevenseve the Trooper (level 5, -2/47 HPs)
             Began as a Draconian Berserker on Oct 7, 2022.
             Was a Believer of Trog.
             Splashed by a jelly's acid (8 damage)
             ... on level 4 of the Dungeon.
             The game lasted 00:05:49 (2781 turns).

sevenseve the Trooper (Draconian Berserker)         Turns: 2781, Time: 00:05:51

Health: -2/47      AC: -9    Str: 21    XL:     5   Next: 44%
Magic:  14/14      EV: 12    Int:  8    God:    Trog [**....]
Gold:   93         SH:  0    Dex: 10    Spells: 4/4 levels left

rFire   . . .      SeeInvis .   a - +0 hand axe
rCold   . . .      Faith    .   (no shield)
rNeg    + . .      Spirit   .   (body armour unavailable)
rPois   .          Reflect  .   (helmet restricted)
rElec   .          Harm     .   h - +0 cloak
rCorr   .          Rampage  .   (no gloves)
Will    .....                   j - +0 pair of boots
Stlth   +.........              (no amulet)
HPRegen 0.15/turn               c - ring of positive energy
MPRegen 0.14/turn               d - ring of magical power

@: corroded
A: AC +5, unfitting armour, cold-blooded
a: Renounce Religion, Berserk, Trog's Hand


You were on level 4 of the Dungeon.
You worshipped Trog.
Trog was pleased with you.
You visited 1 branch of the dungeon, and saw 4 of its levels.

You collected 93 gold pieces.

Inventory:

Hand Weapons
 a - a +0 hand axe (weapon)
Armour
 f - a +0 tower shield
 h - a +0 cloak (worn)
 j - a +0 pair of boots (worn)
Jewellery
 c - a ring of positive energy (left hand)
 d - a ring of magical power (right hand)
Scrolls
 e - a scroll of teleportation {unknown}
 i - a scroll of fog {unknown}
 k - 2 scrolls of vulnerability {unknown}
 m - 3 scrolls of identify {unknown}
 o - a scroll of fear {unknown}
 p - a scroll of torment {unknown}
 r - 3 scrolls of enchant armour {unknown}
 s - 2 scrolls of poison {unknown}
 t - a scroll of enchant weapon {unknown}
 u - 2 scrolls of magic mapping {unknown}
 v - a scroll of amnesia {unknown}
Potions
 b - 5 potions of curing {unknown}
 g - a potion of might {unknown}
 l - a potion of haste {unknown}
 n - a potion of degeneration {unknown}
 q - 2 potions of ambrosia {unknown}
 w - a potion of magic {unknown}


   Skills:
 + Level 4.7 Fighting
 + Level 4.3 Axes
 + Level 3.9 Dodging


You had 4 spell levels left.
You didn't know any spells.
Your spell library was empty.

Dungeon Overview and Level Annotations

Branches:
Dungeon (4/15)
 Temple: D:4-7

Altars:

Shops:
D:4 =

Annotations:
D:3 3 runed translucent doors, Sheol's ghost, amateur MiFi


Innate Abilities, Weirdness & Mutations

Your plain brown scales are hard. (AC +5)
You cannot fit into any form of body armour.
You are cold-blooded and may be slowed by cold attacks.


Message History

The adder completely misses you. The adder closely misses you.
You hit the adder but do no damage. You tail-slap the adder.
The adder is severely wounded.
The adder bites you but does no damage.
You hit the adder.
You kill the adder!
Trog accepts your kill.
You see here an adder corpse.
u - 2 scrolls labelled YFOSIOZUTO (gained 1)
q - 2 clear potions (gained 1)
There is an entrance to Togiges's Jewellery Boutique here.
There is an escape hatch in the ceiling here.
A jelly comes into view.
A jelly is nearby!
The jelly quivers.
The jelly hits you but does no damage.
You hit the jelly.
Your hands burn!
The jelly is moderately wounded.
The jelly completely misses you.
You hit the jelly but do no damage.
Your hands burn!
The jelly is moderately wounded.
The jelly barely misses you.
You hit the jelly but do no damage. The acid corrodes you!
Your hands burn!
You tail-slap the jelly.
The jelly is moderately wounded.
The jelly hits you. The acid corrodes you!
You are splashed with acid!
You completely miss the jelly.
The jelly is moderately wounded.
The jelly closely misses you.
You hit the jelly. The acid corrodes you!
Your hands burn!
The jelly is heavily wounded.
The jelly hits you.
You are splashed with acid!
* * * LOW HITPOINT WARNING * * *
You hit the jelly.
Your hands burn!
* * * LOW HITPOINT WARNING * * *
The jelly is severely wounded.
The jelly hits you.
* * * LOW HITPOINT WARNING * * *
The acid corrodes you!
You are splashed with acid!
You die...

....# ## #... #.# ..
#.. #.# #.# #..# #.#
#.# #.#.#.# #.#
#.##.## #.# #.###
#####.#J..## #.#
#....
#......@...####.#
#####
....###...........#
# #
####.#####..########
### #..........
#.######### #.# #
#.# #.# #.#


You could see a jelly.

Vanquished Creatures
  Jessica (D:2)
  2 orc wizards
  5 adders
  2 dart slugs (D:1)
  6 orcs
  5 ball pythons (D:1)
  4 bats
  8 endoplasms
  2 giant cockroaches
  4 hobgoblins
  4 quokkas
  2 frilled lizards
  7 goblins
  7 kobolds
  A rat (D:3)
60 creatures vanquished.

Notes
Turn   | Place    | Note
-------+----------+-------------------------------------------
     0 | D:1      | sevenseve the Draconian Berserker began the quest for the
                  | Orb.
     0 | D:1      | Reached XP level 1. HP: 19/19 MP: 1/1
   432 | D:1      | Reached XP level 2. HP: 11/26 MP: 2/2
  1289 | D:2      | Noticed Jessica
  1301 | D:2      | Killed Jessica
  1302 | D:2      | Reached XP level 3. HP: 26/33 MP: 3/3
  1451 | D:2      | Reached XP level 4. HP: 33/40 MP: 4/4
  1542 | D:2      | Reached ** piety under Trog
  2214 | D:3      | Found a faded altar of an unknown god.
  2281 | D:3      | Reached XP level 5. HP: 46/47 MP: 5/5
  2468 | D:3      | Noticed Sheol's ghost (amateur MiFi)
  2469 | D:3      | Found a runed translucent gate.
  2469 | D:3      | Found a runed translucent gate.
  2469 | D:3      | Found a runed translucent gate.
  2470 | D:3      | Identified the +4 dagger "Orb Guardian's Curse" {vorpal,
                  | rElec Int-5 Dex+9 SInv}
  2470 | D:3      | Identified the +8 ring mail "Jefelaw" {Str+4 Dex+2}
  2726 | D:4      | Found Togiges's Jewellery Boutique.
  2781 | D:4      | Splashed by a jelly's acid

Illustrated notes

Levels and vault maps discovered:
D:1:      dpeg_arrival_line_fractal, layout_basic
D:2:      layout_basic, grunt_decor_resistance, uniq_jessica
D:3:      layout_basic, biasface_ghost_orc_armoury,
          ebering_ecumenical_altar_hall
D:4:      layout_loops_ring, mainiacjoe_overflow_24_doors,
          nicolae_ru_the_path_less_chosen, serial_shops, shop, shop, shop,
          uniq_blork_the_orc

Skill      XL: |  1  2  3  4 |
---------------+-------------+-----
Dodging        | 3 |  3.9
Fighting       | 4 |  4.7
Axes           | 4 |  4.3

Action                   |  1- 3 |  4- 6 || total
-------------------------+-------+-------++-------
Melee: Hand axe          |    75 |   125 ||   200
       Tailslap          |     6 |    20 ||    26
 Stab: Sleeping          |     1 |       ||     1
Armor: Skin              |    24 |    53 ||    77
Dodge: Dodged            |    55 |    67 ||   122
